 Dungeon Crawl Stone Soup version 0.21-a0-632-g1e37ce5 (webtiles) character file.

118 Amnesiac the Chopper (level 4, -6/40 HPs)
             Began as a Deep Dwarf Gladiator on Dec 28, 2017.
             Killed by nerve-wracking pain
             ... invoked by an orc priest
              (12 damage)
             ... on level 3 of the Dungeon.
             The game lasted 00:04:14 (1488 turns).

Amnesiac the Chopper (Deep Dwarf Gladiator)         Turns: 1488, Time: 00:04:15

Health: -6/40      AC:  7    Str: 15 (18) XL:     4   Next: 72%
Magic:  4/4        EV: 13    Int:  7 (9)  God:
Gold:   80         SH:  0    Dex: 13 (14) Spells: 3/3 levels left

rFire    . . .     SeeInvis .   a - +0 war axe
rCold    . . .     Gourm    .   (no shield)
rNeg     . . .     Faith    .   b - +0 leather armour
rPois    .         Spirit   .   c - +0 helmet
rElec    .         Reflect  .   (no cloak)
rCorr    .         Harm     .   o - +2 pair of gloves
MR       .....                  (no boots)
Stlth    +.........             (no amulet)
HPRegen  0.00/turn              (no ring)
MPRegen  0.09/turn              (no ring)

@: non-regenerating
A: damage resistance, heal wounds, sense surroundings 1, no regeneration
a: Heal Wounds


You were on level 3 of the Dungeon.
You were very hungry.

You visited 1 branch of the dungeon, and saw 3 of its levels.

You collected 80 gold pieces.

Inventory:

Hand Weapons
 a - a +0 war axe (weapon)
 n - a +4 short sword of venom
Missiles
 d - 3 throwing nets (quivered)
 g - 2 tomahawks of returning
 i - 6 poisoned needles
Armour
 b - a +0 leather armour (worn)
 c - a +0 helmet (worn)
 o - a +2 pair of gloves (worn)
Jewellery
 h - an uncursed ring of fire
Scrolls
 j - 2 scrolls of remove curse {!r}
 k - 3 scrolls of teleportation {!r}
 l - 3 scrolls of identify {!r}
 m - a scroll of amnesia {!r}
Potions
 e - 2 potions of flight {!q}
Comestibles
 f - 5 rations


   Skills:
 - Level 2.5 Fighting
 + Level 4.4 Axes
 - Level 1.7 Throwing
 - Level 3.2 Armour
 - Level 3.2 Dodging


You had 3 spell levels left.
You didn't know any spells.

Dungeon Overview and Level Annotations

Branches:
Dungeon (3/15)

Altars:
Trog


Innate Abilities, Weirdness & Mutations

You are resistant to damage.
You can heal yourself by infusing magical energy.
You passively map a small area around you.
You do not regenerate.


Message History

You kill the dart slug!
Found a stone staircase leading up.
There is a stone staircase leading up here.
You climb upwards.
There is a stone staircase leading down here.
You climb downwards.
There is a stone staircase leading up here.
There is an open door here.
l - 3 scrolls of identify {!r} (gained 1)
Found a bloodstained altar of Trog.
The spellbook bursts into flames!
Trog roars with delight!
You are feeling hungry.
Things that are here:
a dagger; a club Done exploring.
Done exploring.
Done exploring.
Done exploring.
You see here a whip.
There is an escape hatch in the floor here.
You see here a whip.
There is a stone staircase leading down here.
You climb downwards.
Found a ration.
There is a stone staircase leading up here.
f - 5 rations (gained 1)
Okay, then.
Found a hand axe.
You see here a hand axe.
Found a stone staircase leading up.
An orc comes into view. It is wielding a flail.
An orc is nearby!
The orc shouts!
You are feeling very hungry.
You fail to use your ability.
You feel much better.
An orc comes into view. It is wielding a flail.
You swing at nothing.
The orc shouts!
You hear a shout!
The orc misses you.
You slash the orc!
You kill the orc!
You swing at nothing. 2 orc priests come into view.
You swing at nothing.
You swing at nothing.
The orc barely misses you.
You hit the orc.
The orc is lightly wounded.
The orc barely misses you.
You slash the orc!
You kill the orc!
You feel your intelligence returning.
You barely miss the orc priest.
The orc priest invokes the aid of Beogh against you.
Beogh smites you!
* * * LOW HITPOINT WARNING * * *
You slash the orc priest!
The orc priest is almost dead.
The orc priest calls down the wrath of Beogh upon you.
Beogh smites you!
* * * LOW HITPOINT WARNING * * *
The orc priest calls down the wrath of Beogh upon you.
Pain shoots through your body!
You die...

#.# , #.# , #<# ##### , ,
,, #.######...#
#.##.......# #.##.###)..# >
#######.##.###.#.## *
...........##.###.#########
#######...##@## ##.#......#
###.#o#### ##..######*
#.##...###.### , ,
#.##)..##.## , #.##o..#..#
* * *#.........#
...........# , *
##...o.o...# *,*
####<..##.#


You could see an orc priest.

Vanquished Creatures
  Jessica (D:2)
  3 adders (D:2)
  2 oozes (D:2)
  4 dart slugs
  A worm (D:2)
  2 leopard geckos
  2 orcs (D:3)
  2 giant cockroaches
  5 goblins
  3 hobgoblins
  A jackal (D:1)
  A ball python (D:1)
  3 bats (D:1)
  4 frilled lizards
  5 kobolds
  11 rats
50 creatures vanquished.

Notes
Turn   | Place    | Note
-------+----------+-------------------------------------------
     0 | D:1      | Amnesiac the Deep Dwarf Gladiator began the quest for the Orb.
     0 | D:1      | Reached XP level 1. HP: 19/19 MP: 1/1
    90 | D:1      | Reached skill level 1 in Armour
    90 | D:1      | Reached XP level 2. HP: 21/26 MP: 2/2
   559 | D:1      | Reached XP level 3. HP: 16/33 MP: 3/3
  1036 | D:2      | Noticed Jessica
  1053 | D:2      | Reached XP level 4. HP: 5/40 MP: 4/4
  1054 | D:2      | Killed Jessica
  1054 | D:2      | Reached skill level 4 in Axes
  1280 | D:2      | Found a bloodstained altar of Trog.
  1488 | D:3      | Killed from afar by an orc priest

Vault maps used:
D:1:      lightli_arrival_statuegarden, minmay_pentomino_x2
D:2:      st_stairs_1, trog_book, uniq_jessica
D:3:      wad_river_or_something, first_ration, minmay_tree_intersection

Skill      XL: |  1  2  3  4 |
---------------+-------------+-----
Fighting       | 2 |  2.5
Armour         | 1 2 3 |  3.2
Axes           | 4 |  4.4
Throwing       | |  1.7
Dodging        | |  3.2

Action                   |  1- 3 |  4- 6 || total
-------------------------+-------+-------++-------
Melee: War axe           |   110 |    22 ||   132
 Abil: Heal Wounds       |       |     1 ||     1
  Use: Potion            |     3 |     1 ||     4
       Scroll            |     2 |     1 ||     3
  Eat: Chunk             |     1 |       ||     1
Armor: Leather armour    |    29 |     2 ||    31
Dodge: Dodged            |    79 |    12 ||    91

Table legend:
 A = Spawn XP
 B = Non-spawn XP
 C = Spawn XP percentage of total XP
 D = Spawn monster count
 E = Non-spawn monster count
 F = Spawn count percentage of total count
 G = Total turns spent on level
                    A         B        C        D         E        F      G
               +---------+---------+-------+---------+---------+-------+---------
         Total |       0 |     169 |   0.0 |       0 |      50 |   0.0 |  1488
               +---------+---------+-------+---------+---------+-------+---------
           D:1 |       0 |      41 |   0.0 |       0 |      23 |   0.0 |   679
           D:2 |       0 |     122 |   0.0 |       0 |      25 |   0.0 |   752
           D:3 |       0 |       6 |   0.0 |       0 |       2 |   0.0 |    57
               +---------+---------+-------+---------+---------+-------+---------
